cohdb
Replays
Latest Replays
All Replays
Popular Replays
Top Player Replays
Match Explorer
How It Works
Community
CoH3 Stats
Reddit
Sign in to upload your games and track your stats! →
Sign in with Steam
Match 25049126
Unlisted
Match 25049126
Overview
Messages
Build Orders
End
Construct Section Command Post
Dingo Light Scout Car
Vickers Machine Gun Team
Infantry Section
Selects Heavy Armor Battlegroup
Selects Engineer Detachments
Construct Platoon Command Post
Royal Engineer Section
Humber Armored Car
6-pounder Anti-tank Gun Team
Construct Company Command Post
Foot Guards Section
Foot Guards Section
Matilda II Heavy Tank
Selects Light Vehicle Withdraw and Refit
Selects Forward Repair Assembly
Selects Recon Artillery
Recon Artillery
AI Takeover
MiniMitMit
Derek Doon
TidaL
likewind3
RUB
萌新
0
0
Comments
sign in to comment!
No comments posted yet!